 Dungeon Crawl Stone Soup version 0.28.0-53-g5a82cb258f (webtiles) character file.

Game seed: 9518159718331447091

189 DocClef the Firebug (level 5, -1/37 HPs)
             Began as a Gnoll Fire Elementalist on July 13, 2022.
             Slain by Grinder (4 damage)
             ... on level 3 of the Dungeon.
             The game lasted 00:03:38 (3397 turns).

DocClef the Firebug (Gnoll Fire Elementalist)       Turns: 3397, Time: 00:03:39

Health: -1/37      AC:  4    Str:  7    XL:     5   Next: 68%
Magic:  2/12       EV: 17    Int: 16    God:
Gold:   86         SH:  0    Dex: 13    Spells: 8/14 levels left

rFire   . . .      SeeInvis .   l - +0 dagger (venom)
rCold   . . .      Faith    .   (no shield)
rNeg    . . .      Spirit   .   m - +1 leather armour {Will+}
rPois   .          Reflect  .   (no helmet)
rElec   .          Harm     .   f - scarf {+Inv}
rCorr   .          Rampage  .   (no gloves)
Will    +....                   (no boots)
Stlth   ++........              (no amulet)
HPRegen 0.12/turn               h - +4 ring of evasion
MPRegen 0.13/turn               (no ring)

@: no status effects
A: fangs 1, strong nose, distributed training
a: Evoke Invisibility


You were on level 3 of the Dungeon.
You visited 1 branch of the dungeon, and saw 3 of its levels.

You collected 86 gold pieces.

Inventory:

Hand Weapons
 l - a +0 dagger of venom (weapon)
Armour
 a - a +0 robe
 f - a scarf of invisibility (worn)
 m - a +1 leather armour of willpower (worn)
Jewellery
 h - a +4 ring of evasion (left hand)
Scrolls
 b - a scroll of enchant weapon {unknown}
 e - a scroll of fog {unknown}
 i - a scroll of amnesia {unknown}
 n - a scroll of enchant armour {unknown}
Potions
 c - a potion of curing {unknown}
 d - a potion of flight {unknown}
 g - 2 potions of mutation {unknown}
 j - a potion of lignification {unknown}
 k - a potion of haste {unknown}
 o - a potion of cancellation {unknown}


   Skills:
 + Level 1.6 Fighting
 + Level 1.6 Short Blades
 + Level 1.6 Long Blades
 + Level 1.6 Axes
 + Level 1.6 Maces & Flails
 + Level 1.6 Polearms
 + Level 1.6 Staves
 + Level 1.6 Slings
 + Level 1.6 Bows
 + Level 1.6 Crossbows
 + Level 1.6 Throwing
 + Level 1.6 Armour
 + Level 4.8 Dodging
 + Level 4.4 Stealth
 + Level 1.6 Shields
 + Level 1.6 Unarmed Combat
 + Level 5.2 Spellcasting
 + Level 2.4 Conjurations
 + Level 1.2 Hexes
 + Level 1.2 Summonings
 + Level 1.2 Necromancy
 + Level 1.2 Translocations
 + Level 1.2 Transmutations
 + Level 5.5 Fire Magic
 + Level 1.2 Ice Magic
 + Level 1.2 Air Magic
 + Level 1.2 Earth Magic
 + Level 1.2 Poison Magic
 + Level 1.8 Invocations
 + Level 1.6 Evocations


You had 8 spell levels left.
You knew the following spells:

 Your Spells              Type           Power      Damage    Failure   Level
a - Foxfire               Conj/Fire      68%        2x1d7     4%          1
b - Scorch                Fire           44%        2d7       3%          2
c - Conjure Flame         Conj/Fire      17%        6-21      12%         3

Your spell library contained the following spells:

 Spells                   Type           Power      Damage    Failure   Level
 Inner Flame              Hex/Fire       15%        N/A       16%         3
 Flame Wave               Conj/Fire      17%        2d6       38%         4


Dungeon Overview and Level Annotations

Branches:
Dungeon (3/15)

Altars:
Kikubaaqudgha

Shops:
D:2 [   D:3 ?

Annotations:
D:3 Grinder


Innate Abilities, Weirdness & Mutations

You have very sharp teeth.
Your uncanny sense of smell can sniff out nearby items.
Your experience applies equally to all skills.


Message History

You conjure some foxfire!
The foxfire hits the goblin.
You kill the goblin!
The foxfire hits Grinder but does no damage.
Grinder is heavily wounded.
Grinder drinks a potion.
Grinder is healed!
Casting: Foxfire (safe; 4% risk of failure)
Confirm with . or Enter, or press ? or * to list all spells.
You conjure some foxfire!
Grinder is no longer more vulnerable to fire.
The foxfire hits Grinder.
Grinder is lightly wounded.
The foxfire hits Grinder but does no damage.
Grinder is lightly wounded.
Casting: Foxfire (safe; 4% risk of failure)
Confirm with . or Enter, or press ? or * to list all spells.
You conjure some foxfire!
The foxfire hits Grinder but does no damage.
Grinder is lightly wounded.
Grinder blinks!
The foxfire hits Grinder but does no damage.
Grinder is lightly wounded.
The foxfire hits Grinder.
Grinder is moderately wounded.
The foxfire hits Grinder.
Grinder is moderately wounded.
You hit Grinder but do no damage.
Grinder is moderately wounded.
Grinder closely misses you.
You hit Grinder.
Grinder is heavily wounded.
Grinder hits you!
* * * LOW HITPOINT WARNING * * *
You writhe in agony.
* * * LOW HITPOINT WARNING * * *
You hit Grinder but do no damage.
Grinder is heavily wounded.
Grinder hits you.
* * * LOW HITPOINT WARNING * * *
You writhe in agony.
You die...

∆ ...... ...... .>#.# ##....#
####....# #.###...... ######
#.....#5)# #..... .. #..@.##
#..).. .. ..####.##..<##..#
#..... #. #.........#####.#
#..... #.##..#....#...> #.#
#####..... #..##.#.##.....
#.#####.........
##.#....###..#####.##.#.####.....
#................#.#.....# #.....
)).).........###....#.#.## #.....
÷........................# ######


You could see Grinder.

Vanquished Creatures
  2 orc wizards (D:3)
  5 adders
  2 dart slugs (D:1)
  8 orcs (D:3)
  4 ball pythons
  4 endoplasms
  2 giant cockroaches (D:1)
  9 goblins
  10 hobgoblins
  13 jackals
  5 kobolds
  A quokka (D:2)
  4 bats
  3 frilled lizards
  6 rats
78 creatures vanquished.

Vanquished Creatures (collateral kills)
  7 foxfires (D:2)
7 creatures vanquished.

Vanquished Creatures (others)
  340 foxfires
340 creatures vanquished.

Grand Total: 425 creatures vanquished

Notes
Turn   | Place    | Note
-------+----------+-------------------------------------------
     0 | D:1      | DocClef the Gnoll Fire Elementalist began the quest for the
                  | Orb.
     0 | D:1      | Reached XP level 1. HP: 13/13 MP: 6/6
   234 | D:1      | Reached XP level 2. HP: 19/19 MP: 3/7
   494 | D:1      | Reached XP level 3. HP: 25/25 MP: 1/9
   506 | D:1      | Learned a level 2 spell: Scorch
   510 | D:1      | Learned a level 3 spell: Conjure Flame
   623 | D:1      | Reached skill level 5 in Spellcasting
   743 | D:1      | Reached skill level 1 in Invocations
  1211 | D:2      | Found Sopta's Antique Armour Shop.
  1338 | D:2      | Reached skill level 1 in Fighting
  1338 | D:2      | Reached skill level 1 in Short Blades
  1338 | D:2      | Reached skill level 1 in Long Blades
  1338 | D:2      | Reached skill level 1 in Axes
  1338 | D:2      | Reached skill level 1 in Maces & Flails
  1338 | D:2      | Reached skill level 1 in Polearms
  1338 | D:2      | Reached skill level 1 in Staves
  1338 | D:2      | Reached skill level 1 in Slings
  1338 | D:2      | Reached skill level 1 in Bows
  1338 | D:2      | Reached skill level 1 in Crossbows
  1338 | D:2      | Reached skill level 1 in Throwing
  1338 | D:2      | Reached skill level 1 in Armour
  1338 | D:2      | Reached skill level 1 in Shields
  1338 | D:2      | Reached skill level 1 in Unarmed Combat
  1338 | D:2      | Reached skill level 1 in Evocations
  1340 | D:2      | Reached XP level 4. HP: 31/32 MP: 6/11
  1960 | D:2      | Found a faded altar of an unknown god.
  2130 | D:2      | Reached skill level 1 in Hexes
  2130 | D:2      | Reached skill level 1 in Summonings
  2130 | D:2      | Reached skill level 1 in Necromancy
  2130 | D:2      | Reached skill level 1 in Translocations
  2130 | D:2      | Reached skill level 1 in Transmutations
  2130 | D:2      | Reached skill level 1 in Ice Magic
  2130 | D:2      | Reached skill level 1 in Air Magic
  2130 | D:2      | Reached skill level 1 in Earth Magic
  2130 | D:2      | Reached skill level 1 in Poison Magic
  2944 | D:3      | Reached XP level 5. HP: 33/37 MP: 5/12
  3050 | D:3      | Found Gorchyr's Magic Scroll Emporium.
  3160 | D:3      | Found an ancient bone altar of Kikubaaqudgha.
  3374 | D:3      | Noticed Grinder
  3397 | D:3      | Slain by Grinder

Illustrated notes

Levels and vault maps discovered:
D:1:      mrwooster_arrival_statue_2, layout_rooms, minmay_circled_x
D:2:      layout_loops_corners, serial_forest, infiniplex_forest_lined_room_3,
          infiniplex_forest_lined_1, infiniplex_forest_lined_corner,
          infiniplex_forest_fountain, infiniplex_forest_clump_medium,
          infiniplex_forest_straight_2, hellmonk_ecumenical_altar_inner_sanctum,
          serial_shops, nicolae_square_shop, minmay_tripent
D:3:      layout_rooms, grunt_temple_overflow_cloverleaf,
          mainiacjoe_overflow_catwalk, serial_shops, shop, st_stairs_13,
          uniq_robin, uniq_grinder

Skill      XL: |  1  2  3  4 |
---------------+-------------+-----
Conjurations   | 2 |  2.4
Spellcasting   | 5 |  5.2
Invocations    | 1 |  1.8
Fighting       | 1 |  1.6
Short Blades   | 1 |  1.6
Long Blades    | 1 |  1.6
Axes           | 1 |  1.6
Maces & Flails | 1 |  1.6
Polearms       | 1 |  1.6
Staves         | 1 |  1.6
Slings         | 1 |  1.6
Bows           | 1 |  1.6
Crossbows      | 1 |  1.6
Throwing       | 1 |  1.6
Armour         | 1 |  1.6
Shields        | 1 |  1.6
Unarmed Combat | 1 |  1.6
Evocations     | 1 |  1.6
Hexes          | 1 |  1.2
Summonings     | 1 |  1.2
Necromancy     | 1 |  1.2
Translocations | 1 |  1.2
Transmutations | 1 |  1.2
Ice Magic      | 1 |  1.2
Air Magic      | 1 |  1.2
Earth Magic    | 1 |  1.2
Poison Magic   | 1 |  1.2
Dodging        | |  4.8
Stealth        | |  4.4
Fire Magic     | |  5.5

Action                   |  1- 3 |  4- 6 || total
-------------------------+-------+-------++-------
Melee: Unarmed           |     4 |       ||     4
       Dagger            |    10 |    20 ||    30
       Bite              |       |     1 ||     1
 Cast: Foxfire           |    95 |   117 ||   212
       Scorch            |       |     1 ||     1
 Stab: Sleeping          |     1 |     1 ||     2
Armor: Robe              |     3 |     2 ||     5
Dodge: Dodged            |    10 |    15 ||    25
